Map: King's Cove LE

Players

DeRcHoBo - Winner!

  • Race: Zerg Zerg
  • League: Platinum
  • Spawn Location: 11:00

Smeeeger

  • Race: Zerg Zerg
  • League: Platinum
  • Spawn Location: 5:00

VOD

Have the link to the VOD?

Description

Time

  • Played on: July 26, 2019, 9:24 a.m.
  • Length: 9:21
Show
View Real Time Build Order
Export as new Build Order

DeRcHoBo Zerg - Winner!

Build Orders: Hatch First 

Get SALT Encoding   

  12  0:01  Drone  
  13  0:18  Overlord  
  13  0:19  Drone  
  14  0:44  Hatchery  
  14  0:47  Drone  
  14  0:51  Drone  
  14  0:54  Drone  
  16  1:11  Spawning Pool  
  15  1:19  Drone x2  
  15  1:22  Drone  
  18  1:30  Drone  
  19  1:41  Overlord  
  19  1:57  Drone  
  19  1:58  Queen  
  19  1:59  Queen  
  24  2:02  Zergling x2  
  24  2:06  Drone  
  26  2:13  Extractor  
  26  2:15  Extractor  
  24  2:18  Roach Warren  
  24  2:19  Drone  
  24  2:24  Drone  
  24  2:26  Drone  
  24  2:29  Drone  
  27  2:35  Drone  
  28  2:39  Drone  
  29  2:46  Overlord  
  29  2:49  Drone  
  30  3:02  Drone  
  30  3:04  Overlord  
  30  3:07  Drone  
  31  3:17  Drone x3  
  31  3:18  Drone x4  
  38  3:24  Overlord  
  38  3:29  Overlord  
  38  3:39  Roach  
  38  3:40  Roach x2  
  44  3:42  Roach  
  44  3:45  Drone  
  47  4:04  Roach  
  47  4:05  Roach x3  
  47  4:06  Roach  
  57  4:10  Overlord  
  57  4:11  Overlord  
  57  4:33  Roach  
  57  4:34  Roach x5  
  69  4:42  Roach  
  69  4:43  Roach x5  
  69  4:45  Lair  
  81  4:49  Extractor  
  81  4:52  Extractor  
  79  5:11  Drone x3  
  79  5:12  Drone x2  
  84  5:16  Hatchery  
  84  5:17  Drone  
  84  5:19  Overlord x2  
  84  5:37  Overlord x2  
  84  5:38  Roach  
  84  5:39  Roach x2  
  84  5:41  Roach  
  92  5:56  Roach x5  
  102  6:01  Roach  
  96  6:04  Roach  
  88  6:14  Roach  
  73  6:43  Roach  
  73  6:48  Drone  
  74  6:55  Drone  
  75  7:18  Drone  
  75  7:19  Drone x2  
  65  7:38  Drone  
  66  7:52  Drone  
  67  8:25  Drone x3  
  70  8:43  Drone  
  71  9:06  Drone  
  71  9:07  Drone  
Show
View Real Time Build Order
Export as new Build Order

Smeeeger Zerg 

Build Orders: Hatch First 

Get SALT Encoding   

  12  0:01  Drone  
  13  0:14  Overlord  
  13  0:18  Drone  
  14  0:32  Drone x2  
  16  0:38  Drone  
  17  0:47  Drone  
  18  0:59  Hatchery  
  18  1:01  Drone  
  18  1:08  Drone  
  19  1:16  Extractor  
  18  1:22  Spawning Pool  
  18  1:24  Drone  
  18  1:30  Drone  
  20  1:47  Drone  
  20  1:57  Overlord  
  20  2:17  Drone, Queen  
  20  2:18  Drone x2  
  20  2:20  Queen  
  27  2:25  Metabolic Boost  
  27  2:34  Drone  
  27  2:35  Drone x2  
  30  2:46  Zergling x6  
  33  2:53  Queen  
  33  2:58  Overlord  
  35  2:59  Overlord  
  35  3:11  Drone  
  36  3:16  Queen  
  38  3:22  Drone  
  38  3:23  Drone x2  
  41  3:29  Drone x2  
  43  3:34  Drone  
  43  3:35  Drone  
  43  3:36  Overlord x2  
  43  3:38  Drone  
  46  3:49  Baneling Nest  
  46  3:50  Drone  
  46  3:51  Drone  
  47  4:02  Drone  
  48  4:03  Drone x2  
  48  4:04  Drone  
  51  4:10  Extractor  
  51  4:11  Drone  
  51  4:12  Extractor  
  50  4:24  Drone  
  50  4:25  Drone x2, Zergling x2  
  50  4:26  Zergling x4  
  56  4:39  Lair  
  56  4:43  Zergling x12  
  61  4:58  Roach Warren  
  60  5:01  Hatchery  
  60  5:02  Evolution Chamber  
  58  5:11  Queen  
  58  5:14  Overlord x3  
  60  5:35  Drone x5  
  65  5:42  Hatchery  
  65  5:43  Extractor  
  63  5:56  Spine Crawler  
  52  5:58  Spine Crawler  
  52  6:00  Spine Crawler x2  
  52  6:01  Spine Crawler  
  18  6:27  Zergling x10  
  18  6:28  Zergling x10  
  21  7:01  Drone  
  21  7:23  Extractor  
  20  7:37  Hatchery  
  9  8:56  Drone  
Tags
 
Add a new tag
Caveats
  • Supply blocks, unpowered buildings, or Contaminate may cause inaccurate times.
  • Supply counts are checked every 10 seconds.